 Dungeon Crawl Stone Soup version 0.21-a0-632-g1e37ce5 (webtiles) character file.

32493 TheGoonsmith the Covert (level 13, -3/72 HPs)
             Began as a Vine Stalker Enchanter on Dec 27, 2017.
             Was the Champion of Ru.
             Slain by a spiny frog (7 damage)
             ... on level 5 of the Lair of Beasts.
             The game lasted 00:40:02 (15474 turns).

TheGoonsmith the Covert (Vine Stalker Enchanter)   Turns: 15474, Time: 00:40:03

Health: -3/72      AC: 12    Str:  8    XL:     13   Next: 64%
Magic:  0/29       EV: 18    Int: 17    God:    Ru [******]
Gold:   1032       SH:  0    Dex: 19    Spells: 10/18 levels left

rFire    . . .     SeeInvis .   x - +6 dagger (venom)
rCold    + . .     Gourm    .   (shield unavailable)
rNeg     . . .     Faith    .   P - +1 robe {rC+}
rPois    .         Spirit   +   v - +2 helmet
rElec    .         Reflect  .   y - +2 cloak
rCorr    .         Harm     .   (no gloves)
MR       +....                  A - +2 pair of boots
Stlth    +++++.....             (no amulet)
HPRegen  1.02/turn              (ring unavailable)
MPRegen  0.21/turn              w - ring of magical power (curse)

@: lethally poisoned (-3 -> -16), exhausted, no potions
A: fangs 3, regeneration 2, weak 1, magic shield, antimagic bite, no potion heal
3, rot immunity, inability to drink while threatened, missing a hand, inability
to train armour, missing an eye
a: Draw Out Power, Power Leap, Apocalypse, Renounce Religion


You were on level 5 of the Lair of Beasts.
You worshipped Ru.
Ru was exalted by your worship.
You were not hungry.

You visited 3 branches of the dungeon, and saw 17 of its levels.
You also visited: Ossuary.

You collected 1032 gold pieces.

Inventory:

Hand Weapons
 a - a +2 vampiric dagger
 x - a +6 dagger of venom (weapon)
Armour
 b - a +0 robe
 j - a +0 cloak
 v - a +2 helmet (worn)
 y - a +2 cloak (worn)
 A - a +2 pair of boots (worn)
 F - a +1 robe of the Archmagi
 P - a +1 robe of cold resistance (worn)
Jewellery
 p - a +1 ring of protection
 w - a cursed ring of magical power (right hand)
 D - an uncursed ring of wizardry
 G - an uncursed ring of protection from fire
 N - an uncursed ring of ice
Wands
 o - a wand of disintegration (13)
 H - a wand of acid (8)
 I - a wand of digging (12)
 J - a wand of enslavement (10)
 K - a wand of clouds (2)
 M - a wand of flame (30)
Scrolls
 e - 9 scrolls of remove curse
 g - 10 scrolls of teleportation
 k - 2 scrolls of amnesia
 n - 2 scrolls of magic mapping
 r - a scroll of identify
 u - 2 scrolls of fog
 z - a scroll of blinking
 Q - a scroll of holy word
Potions
 f - 7 potions of curing
 h - 2 potions of magic
 i - 3 potions of lignification
 l - 3 potions of flight
 m - 4 potions of brilliance
 q - 4 potions of mutation
 t - 2 potions of might
 B - 3 potions of agility {unknown}
 E - a potion of berserk rage {unknown}
 O - a potion of cancellation {unknown}
Books
 c - a book of Maledictions

   Spells                             Type                      Level
   a - Corona                         Hexes                        1
   b - Ensorcelled Hibernation        Hexes/Ice                    2
   c - Confuse                        Hexes                        3
   d - Tukima's Dance                 Hexes                        3
   e - Dazzling Spray                 Conjuration/Hexes            3
 s - a book of Conjurations

   Spells                             Type                      Level
   a - Magic Dart                     Conjuration                  1
   b - Searing Ray                    Conjuration                  2
   c - Dazzling Spray                 Conjuration/Hexes            3
   d - Fulminant Prism                Conjuration/Hexes            4
   e - Force Lance                    Conjuration/Translocation    4
   f - Iskenderun's Mystic Blast      Conjuration                  4
 L - a book of Misfortune

   Spells                             Type                      Level
   a - Confusing Touch                Hexes                        1
   b - Confuse                        Hexes                        3
   c - Gell's Gravitas                Translocation                3
   d - Petrify                        Transmutation/Earth          4
   e - Metabolic Englaciation         Hexes/Ice                    5
   f - Yara's Violent Unravelling     Hexes/Transmutation          5
Miscellaneous
 C - a lightning rod (4/4)
 R - a phial of floods (inert)
Comestibles
 d - 20 rations
 S - 7 chunks of flesh


   Skills:
 - Level 10.0 Fighting
 - Level 10.1 Short Blades
 - Level 8.0 Dodging
 - Level 12.0 Stealth
 - Level 3.0 Spellcasting
 - Level 6.0 Hexes
 + Level 9.2 Evocations


You had 10 spell levels left.
You knew the following spells:

 Your Spells              Type           Power        Failure   Level  Hunger
a - Tukima's Dance        Hex            ###.....     4%          3    ###....
b - Ensorcelled Hibernat  Hex/Ice        ##....       8%          2    ##.....
c - Confuse               Hex            ###.....     4%          3    ###....


Dungeon Overview and Level Annotations

Branches:
Dungeon (10/15)            Temple (1/1) D:4            Lair (6/6) D:8
 Shoals (0/4) Lair:2        Snake (0/4) Lair:4        Slime (0/5) Lair:6
    Orc: D:9-12

Altars:
Ashenzari
Cheibriados
Dithmenos
Elyvilon
Fedhas
Gozag
Hepliaklqana
Kikubaaqudgha
Makhleb
Nemelex Xobeh
Okawaru
Qazlal
Ru
Sif Muna
Trog
Uskayaw
Vehumet
Wu Jian
Xom
Yredelemnul
Zin
The Shining One
Jiyva

Annotations:
D:4 RedSky's ghost, amateur DrEE


Innate Abilities, Weirdness & Mutations

You have razor-sharp teeth.
You heal very quickly.
You are weak. (Str -2)
When hurt, damage is shared between your health and your magic reserves.
Your bite disrupts and absorbs the magic of your enemies.
Potions cannot restore your health.
You are immune to rotting.
You cannot drink potions while threatened.
You are missing a hand.
You cannot train Armour skill.
You are missing an eye, making it more difficult to aim.


Message History

* * * LOW HITPOINT WARNING * * *
You feel sick.
Unknown command.
You hit the spiny frog.
The spiny frog is severely wounded.
* * * LOW HITPOINT WARNING * * *
You feel sick. The spiny frog misses you.
Unknown command.
You hit the spiny frog.
The spiny frog looks as sick as possible!
The spiny frog is almost dead.
* * * LOW HITPOINT WARNING * * *
You feel sick.
The spiny frog is stunned by your will and fails to attack.
The spiny frog stings you but does no damage.
You closely miss the spiny frog. Your bite misses the spiny frog.
The spiny frog is almost dead.
* * * LOW HITPOINT WARNING * * *
You feel sick. The spiny frog stings you!
You die...

###..P###.....P....#####
#.#### #....P##...# ###
#.....##...#####
####..........##..#
###.............##P.#
#P...............#..#
#P............#.....##
###...........÷F###....#
#.....P#.......@##....##
#..#..###.....F..#....#
#P.....P#...#....#....#
##....P....#.........##
#.#.#.....##........#
##.###P...P##.#.#.#.##
### ##...###....###.#
##### ##..## ### ##.#


You could see 2 spiny frogs.

Vanquished Creatures
  Gastronok (Lair:3)
  Fannar (Lair:2)
  3 hydras
  2 two-headed ogres (D:10)
  The ghost of DemiseSR the Cleaver, a novice MiBe of Trog (D:8)
  Sonja (Lair:4)
  2 elephants (Lair:6)
  A black mamba (Lair:1)
  9 spiny frogs
  2 rime drakes
  5 komodo dragons
  A troll (D:10)
  A hornet (D:9)
  Prince Ribbit (Lair:2)
  10 blink frogs
  6 dream sheep
  A snapping turtle (Lair:2)
  5 hippogriffs
  A vampire (D:9)
  A spriggan (D:9)
  A wyvern (Lair:4)
  39 yaks
  A hungry ghost (D:9)
  2 vampire mosquitoes (Lair:6)
  3 nagas (Lair:4)
  9 porcupines
  7 water moccasins
  A black bear (D:7)
  3 orc warriors
  4 ice beasts
  3 phantoms
  8 ogres
  9 wolves
  12 crocodiles
  4 big kobolds
  An elf zombie (Ossuary)
  19 bullfrogs
  A gnoll sergeant (D:8)
  A scorpion (D:8)
  A wyvern skeleton (D:7)
  6 killer bees (D:8)
  7 wights (D:8)
  2 howler monkeys (D:6)
  5 electric eels
  A crimson imp (D:9)
  3 centaur zombies
  15 hounds
  A human zombie (Ossuary)
  A jelly (D:7)
  2 gnoll shamans
  4 orc priests (D:8)
  9 orc wizards
  A bullfrog skeleton (D:8)
  3 iguanas
  4 worker ants
  3 ogre zombies (Ossuary)
  7 mummies (Ossuary)
  Robin (D:3)
  A howler monkey skeleton (D:6)
  9 gnolls (D:8)
  10 adders
  5 adder zombies
  2 oozes (D:2)
  4 adder skeletons
  A worm (D:3)
  5 leopard geckos
  23 orcs
  4 giant cockroaches
  20 goblins
  9 hobgoblins
  4 jackals (D:4)
  18 kobolds
  7 quokkas
  6 bats
  4 frilled lizards
  A gnoll zombie (Ossuary)
  3 goblin zombies (Ossuary)
  4 hobgoblin zombies (Ossuary)
  4 kobold zombies (Ossuary)
  2 quokka zombies (Ossuary)
  2 rats
  5 rat zombies (Ossuary)
412 creatures vanquished.

Vanquished Creatures (collateral kills)
  An elephant (Lair:6)
  2 yaks (Lair:6)
  2 ogres
  A wight (D:8)
  An orc priest (D:8)
7 creatures vanquished.

Vanquished Creatures (others)
  A wyvern (Lair:5)
  6 dancing weapons
  A bullfrog (Lair:2)
  4 gnolls (D:6)
  2 bushes (Lair:6)
  22 fungi
  43 plants
79 creatures vanquished.

Grand Total: 498 creatures vanquished

Notes
Turn   | Place    | Note
-------+----------+-------------------------------------------
     0 | D:1      | TheGoonsmith the Vine Stalker Enchanter began the quest for the Orb.
     0 | D:1      | Reached XP level 1. HP: 9/9 MP: 4/4
   113 | D:1      | Reached skill level 1 in Short Blades
   449 | D:1      | Reached XP level 2. HP: 5/13 MP: 3/6
   673 | D:1      | Reached skill level 4 in Stealth
   822 | D:1      | Learned a level 2 spell: Ensorcelled Hibernation
  1126 | D:2      | Reached XP level 3. HP: 13/16 MP: 4/7
  1755 | D:3      | Noticed Robin
  1764 | D:3      | Gained mutation: Your natural rate of healing is unusually fast. [Vine Stalker growth]
  1764 | D:3      | Reached XP level 4. HP: 10/21 MP: 6/8
  1902 | D:3      | Killed Robin
  1977 | D:3      | Learned a level 3 spell: Confuse
  2093 | D:3      | Noticed a bullfrog
  2096 | D:3      | Killed a bullfrog
  2096 | D:3      | Reached XP level 5. HP: 24/24 MP: 9/9
  2294 | D:3      | Reached skill level 1 in Fighting
  2538 | D:4      | Found a sand-covered staircase.
  2544 | Ossuary  | Entered an ossuary
  2664 | Ossuary  | Reached XP level 6. HP: 22/32 MP: 8/10
  3011 | Ossuary  | Reached XP level 7. HP: 24/35 MP: 10/12
  3567 | D:3      | Reached skill level 5 in Hexes
  3672 | D:4      | Found a staircase to the Ecumenical Temple.
  3718 | Temple   | Entered the Ecumenical Temple
  3940 | Temple   | Became a worshipper of Ru the Awakened
  4118 | D:4      | Noticed RedSky's ghost (amateur DrEE)
  4265 | D:4      | Learned a level 3 spell: Tukima's Dance
  4280 | D:4      | Reached skill level 5 in Stealth
  4389 | D:5      | Entered Level 5 of the Dungeon
  4433 | D:5      | Found a hazy altar of Hepliaklqana.
  4498 | D:5      | Reached skill level 6 in Stealth
  4547 | D:5      | Gained mutation: You have razor-sharp teeth. [Vine Stalker growth]
  4547 | D:5      | Reached XP level 8. HP: 25/40 MP: 6/13
  4885 | D:5      | Reached skill level 5 in Short Blades
  4951 | D:5      | Found a sparkling altar of Nemelex Xobeh.
  4953 | D:5      | Found a shattered altar of Ashenzari.
  4958 | D:5      | Found a snail-covered altar of Cheibriados.
  4959 | D:5      | Found a deep blue altar of Sif Muna.
  5410 | D:6      | Gained mutation: You are missing an eye, making it more difficult to aim. [Ru sacrifice]
  5648 | D:6      | Found a radiant altar of Vehumet.
  5977 | D:7      | Reached XP level 9. HP: 44/44 MP: 14/14
  6173 | D:7      | Reached skill level 7 in Stealth
  6485 | D:7      | Found a shadowy altar of Dithmenos.
  6744 | D:7      | Reached skill level 8 in Stealth
  7187 | D:8      | Reached skill level 5 in Fighting
  7286 | D:8      | Gained mutation: You cannot train Armour skill. [Ru sacrifice]
  7286 | D:8      | Reached * piety under Ru
  7286 | D:8      | Reached ** piety under Ru
  7442 | D:8      | Reached XP level 10. HP: 47/51 MP: 8/15
  7451 | D:8      | Reached skill level 5 in Dodging
  7573 | D:8      | Reached skill level 9 in Stealth
  7582 | D:8      | Found a staircase to the Lair.
  7592 | D:8      | Noticed DemiseSR's ghost (novice MiBe)
  8294 | D:9      | Reached skill level 10 in Stealth
  8767 | D:10     | Entered Level 10 of the Dungeon
  9001 | D:10     | Noticed a two-headed ogre
  9011 | D:10     | Killed a two-headed ogre
  9011 | D:10     | Reached skill level 10 in Short Blades
  9033 | D:10     | Noticed a two-headed ogre
  9050 | D:10     | Killed a two-headed ogre
  9050 | D:10     | Reached XP level 11. HP: 32/56 MP: 16/16
  9274 | D:10     | Gained mutation: You cannot drink potions while threatened. [Ru sacrifice]
  9274 | D:10     | Reached *** piety under Ru
  9589 | D:8      | Killed DemiseSR's ghost
 10308 | Lair:1   | Entered Level 1 of the Lair of Beasts
 10469 | D:8      | Reached skill level 11 in Stealth
 10706 | Lair:1   | Reached skill level 12 in Stealth
 11581 | Lair:2   | Noticed Prince Ribbit
 11596 | Lair:2   | Killed Prince Ribbit
 11805 | Lair:2   | Gained mutation: You heal very quickly. [Vine Stalker growth]
 11805 | Lair:2   | Reached XP level 12. HP: 63/63 MP: 17/17
 11938 | Lair:2   | Gained mutation: You are missing a hand. [Ru sacrifice]
 11938 | Lair:2   | Reached **** piety under Ru
 11938 | Lair:2   | Reached ***** piety under Ru
 12086 | Lair:2   | Found a sacrificial altar of Ru.
 12327 | Lair:2   | Noticed Fannar
 12368 | Lair:2   | Killed Fannar
 12499 | Lair:2   | Found a staircase to the Shoals.
 12562 | Lair:2   | Reached skill level 1 in Evocations
 13176 | Lair:3   | Noticed Gastronok
 13209 | Lair:3   | Killed Gastronok
 13280 | Lair:3   | Noticed a six-headed hydra
 13288 | Lair:3   | Killed a six-headed hydra
 13288 | Lair:3   | Reached skill level 5 in Evocations
 13639 | Lair:4   | Noticed an eight-headed hydra
 13645 | Lair:4   | Killed an eight-headed hydra
 13718 | Lair:4   | Found a staircase to the Snake Pit.
 13812 | Lair:4   | Reached XP level 13. HP: 68/68 MP: 19/19
 13894 | Lair:4   | Noticed Sonja
 13901 | Lair:4   | Killed Sonja
 13948 | Lair:4   | Found a deep blue altar of Sif Muna.
 14103 | Lair:4   | Gained mutation: You are weak. (Str -2) [Ru sacrifice]
 14103 | Lair:4   | Reached ****** piety under Ru
 15033 | Lair:6   | Entered Level 6 of the Lair of Beasts
 15060 | Lair:6   | Found a viscous altar of Jiyva.
 15060 | Lair:6   | Found a staircase to the Slime Pits.
 15248 | Lair:6   | Reached skill level 10 in Fighting
 15474 | Lair:5   | Slain by a spiny frog

Vault maps used:
D:1:      dpeg_arrival_snail
D:3:      first_ration, uniq_robin
D:4:      minmay_temple_entry_overgrown, nicolae_ossuary_entry_plus
D:5:      grunt_temple_overflow_open
D:6:      fiery_altar_vehumet
D:7:      kennysheep_mini, nicolae_zen_rock_garden, minmay_unpleasant_kobolds
D:8:      kennysheep_housing_project, lair_entry_dummy
D:9:      the_bakery
Temple:   regret_index_temple_generic_petals
Lair:2:   minmay_shoals_entry_hut, basic_altar, grunt_megastairs_1,
          lemuel_fruit_tree, uniq_prince_ribbit2, uniq_fannar, uniq_gastronok
Lair:3:   st_stairs_8
Lair:4:   minmay_snake_entry_guardpost_small, basic_altar, grunt_megastairs_5,
          serial_bayou_shore_a, uniq_sonja
Lair:5:   grunt_megastairs_3
Lair:6:   minmay_lair_end_frog_pond, dpeg_slime_entry_enclosed_altar,
          infiniplex_staircase_pool, lemuel_fruit_fields
Ossuary:  ossuary_boxes_badplayer

Skill      XL: |  1  2  3  4  5  6  7  8  9 10 11 12 13 |
---------------+----------------------------------------+-----
Short Blades   | 1 2 4 6 7 10 | 10.1
Stealth        | 4 6 8 10 12 | 12.0
Dodging        | 2 3 4 5 6 8 |  8.0
Fighting       | 2 3 5 7 8 10 | 10.0
Spellcasting   | 3 |  3.0
Hexes          | 5 6 |  6.0
Evocations     | 7 9 |  9.2

Action                   |  1- 3 |  4- 6 |  7- 9 | 10-12 | 13-15 || total
-------------------------+-------+-------+-------+-------+-------++-------
Melee: Dagger            |   104 |   243 |   490 |   833 |   361 ||  2031
       Bite              |    24 |    77 |   135 |   241 |   117 ||   594
 Cast: Ensorcelled Hiber |       |     2 |       |       |       ||     2
       Confuse           |       |     3 |    35 |    44 |     5 ||    87
       Tukima's Dance    |       |       |     9 |     9 |       ||    18
Invok: Sacrifice an Eye  |       |       |     1 |       |       ||     1
       Sacrifice Durabil |       |       |     1 |       |       ||     1
       Draw Out Power    |       |       |       |     1 |     1 ||     2
       Sacrifice Drink   |       |       |       |     1 |       ||     1
       Sacrifice a Hand  |       |       |       |     1 |       ||     1
       Power Leap        |       |       |       |       |     1 ||     1
       Sacrifice Purity  |       |       |       |       |     1 ||     1
Evoke: Wand              |       |       |       |     2 |     4 ||     6
       Lightning rod     |       |       |       |       |     2 ||     2
       Phial of floods   |       |       |       |       |     1 ||     1
  Use: Scroll            |       |     6 |    10 |    11 |     5 ||    32
 Stab: Sleeping          |     9 |    15 |    21 |    19 |     9 ||    73
       Confused          |       |     1 |    14 |    15 |     3 ||    33
       Distracted        |       |       |     1 |     7 |     7 ||    15
       Invisible         |       |       |       |     8 |     1 ||     9
       Paralysed         |       |       |       |     3 |     3 ||     6
  Eat: Chunk             |     2 |     3 |    10 |    17 |     6 ||    38
       Ration            |       |     1 |     3 |     4 |       ||     8
Armor: Robe              |    24 |    39 |    94 |   112 |    60 ||   329
Dodge: Dodged            |    64 |   108 |   272 |   376 |   235 ||  1055

Table legend:
 A = Spawn XP
 B = Non-spawn XP
 C = Spawn XP percentage of total XP
 D = Spawn monster count
 E = Non-spawn monster count
 F = Spawn count percentage of total count
 G = Total turns spent on level
                    A         B        C        D         E        F      G
               +---------+---------+-------+---------+---------+-------+---------
         Total |       0 |   46419 |   0.0 |       0 |     421 |   0.0 | 15474
               +---------+---------+-------+---------+---------+-------+---------
           D:1 |       0 |      29 |   0.0 |       0 |      17 |   0.0 |  1023
           D:2 |       0 |      45 |   0.0 |       0 |      13 |   0.0 |   694
           D:3 |       0 |     204 |   0.0 |       0 |      28 |   0.0 |   863
           D:4 |       0 |     220 |   0.0 |       0 |      17 |   0.0 |   776
           D:5 |       0 |     577 |   0.0 |       0 |      17 |   0.0 |   789
           D:6 |       0 |     616 |   0.0 |       0 |      17 |   0.0 |   735
           D:7 |       0 |    1896 |   0.0 |       0 |      31 |   0.0 |  1402
           D:8 |       0 |    4240 |   0.0 |       0 |      77 |   0.0 |  1793
           D:9 |       0 |    1602 |   0.0 |       0 |      16 |   0.0 |   748
          D:10 |       0 |    2965 |   0.0 |       0 |       9 |   0.0 |   572
        Lair:1 |       0 |    5551 |   0.0 |       0 |      25 |   0.0 |  1272
        Lair:2 |       0 |    4867 |   0.0 |       0 |      22 |   0.0 |  1094
        Lair:3 |       0 |    5239 |   0.0 |       0 |      13 |   0.0 |   840
        Lair:4 |       0 |    7404 |   0.0 |       0 |      30 |   0.0 |   814
        Lair:5 |       0 |    4010 |   0.0 |       0 |      19 |   0.0 |   598
        Lair:6 |       0 |    6478 |   0.0 |       0 |      33 |   0.0 |   428
       Ossuary |       0 |     476 |   0.0 |       0 |      37 |   0.0 |   772
               +---------+---------+-------+---------+---------+-------+---------
